 Dungeon Crawl Stone Soup version 0.30-a0-777-ga9a30cbeda (webtiles) character file.

Game seed: 15019631326413666512

269 NinjaNoafa the Grasshopper (level 6, -2/51 HPs)
             Began as a Gnoll Warper on Feb 13, 2023.
             Was an Initiate of Cheibriados.
             Splashed by a jelly's acid (8 damage)
             ... on level 4 of the Dungeon.
             The game lasted 00:12:09 (1851 turns).

NinjaNoafa the Grasshopper (Gnoll Warper)           Turns: 1851, Time: 00:12:09

Health: -2/51      AC: -3    Str: 11    XL:     6   Next: 22%
Magic:  9/14       EV: 13    Int: 16    God:    Cheibriados [......]
Gold:   152        SH:  0    Dex: 12    Spells: 5/15 levels left

rFire   . . .      SeeInvis .    a - +2 whip (elec)
rCold   . . .      Faith    .    (no shield)
rNeg    . . .      Spirit   .    n - +0 leather armour
rPois   .          Reflect  .    (no helmet)
rElec   .          Harm     .    (no cloak)
rCorr   .          Rampage  .    (no gloves)
Will    .....                    l - +0 pair of boots
Stlth   ++                       (no amulet)
HPRegen 0.28/turn                (no ring)
MPRegen 0.14/turn                (no ring)

@: corroded, very slow
A: fangs 1, strong nose, distributed training
a: Renounce Religion


You were on level 4 of the Dungeon.
You worshipped Cheibriados.
Cheibriados was noncommittal.
You visited 1 branch of the dungeon, and saw 4 of its levels.

You collected 152 gold pieces.

Inventory:

Hand Weapons
 a - a +2 whip of electrocution (weapon)
 b - a +0 long sword
Missiles
 d - 7 boomerangs of dispersal
Armour
 l - a +0 pair of boots (worn)
 n - a +0 leather armour (worn)
Scrolls
 c - 2 scrolls of blinking
 f - a scroll of teleportation {unknown}
 g - a scroll of summoning {unknown}
 i - a scroll of enchant armour {unknown}
 m - 3 scrolls of identify {unknown}
 p - a scroll of poison {unknown}
 q - 2 scrolls of enchant weapon {unknown}
 r - a scroll of acquirement {unknown}
 t - a scroll of noise {unknown}
Potions
 e - 2 potions of might {unknown}
 h - 2 potions of magic {unknown}
 j - a potion of degeneration {unknown}
 k - 2 potions of flight {unknown}
 o - a potion of haste {unknown}


   Skills:
 + Level 5.0 Fighting
 + Level 2.0 Short Blades
 + Level 5.0 Long Blades
 + Level 2.0 Axes
 + Level 2.0 Maces & Flails
 + Level 2.0 Polearms
 + Level 2.0 Staves
 + Level 2.0 Ranged Weapons
 + Level 3.2 Throwing
 + Level 3.2 Armour
 + Level 5.0 Dodging
 + Level 2.0 Stealth
 + Level 2.0 Shields
 + Level 2.0 Unarmed Combat
 + Level 5.3 Spellcasting
 + Level 1.5 Conjurations
 + Level 1.5 Hexes
 + Level 1.5 Summonings
 + Level 1.5 Necromancy
 + Level 5.6 Translocations
 + Level 1.5 Transmutations
 + Level 1.5 Fire Magic
 + Level 1.5 Ice Magic
 + Level 1.5 Air Magic
 + Level 1.5 Earth Magic
 + Level 1.5 Poison Magic
 + Level 2.1 Invocations
 + Level 2.0 Evocations


You had 5 spell levels left.
You knew the following spells:

 Your Spells              Type           Power      Damage    Failure   Level
a - Blink                 Tloc           44%        N/A       2%          2
b - Lesser Beckoning      Tloc           44%        N/A       2%          2
c - Teleport Other        Tloc           22%        N/A       5%          3
d - Vhi's Electric Charg  Tloc/Air       30%        N/A       13%         3

Your spell library contained the following spells:

 Spells                   Type           Power      Damage    Failure   Level
 Manifold Assault         Tloc           22%        N/A       19%         4


Dungeon Overview and Level Annotations

Branches:
Dungeon (4/15)
 Temple: D:4-7

Altars:
Ashenzari
Cheibriados
Nemelex Xobeh
Uskayaw
Xom


Innate Abilities, Weirdness & Mutations

You have very sharp teeth.
Your uncanny sense of smell can sniff out nearby items.
Your experience applies equally to all skills.


Message History

Aim: a jelly (97% to hit)
You charge forward with an electric crackle!
You whack the jelly and electrocute it! The acid corrodes you!
Your hands burn!
The jelly is severely wounded.
The jelly misses you. The jelly hits you. The acid corrodes you!
You are splashed with acid!
You hit the jelly.
Your hands burn!
You punch the jelly, but do no damage.
The jelly is almost dead.
The jelly hits you.
You are splashed with acid!
* * * LOW HITPOINT WARNING * * *
You barely miss the jelly.
The jelly is almost dead.
The jelly hits you.
* * * LOW HITPOINT WARNING * * *
You are splashed with acid!
* * * LOW HITPOINT WARNING * * *
You hit the jelly.
Your hands burn!
* * * LOW HITPOINT WARNING * * *
The jelly is almost dead.
The jelly barely misses you.
Casting: Vhi's Electric Charge (dangerous; 13% risk of failure)
Confirm with . or Enter, or press ? or * to list all spells.
You blink.
The jelly jiggles.
The jelly hits you.
* * * LOW HITPOINT WARNING * * *
You are splashed with acid!
* * * LOW HITPOINT WARNING * * *
You feel better. The jelly completely misses you.
You hit the jelly.
Your hands burn!
* * * LOW HITPOINT WARNING * * *
The jelly is almost dead.
The jelly barely misses you.
You completely miss the jelly.
The jelly is almost dead.
You feel stable enough to blink again. The jelly hits you.
* * * LOW HITPOINT WARNING * * *
The acid corrodes you!
You are splashed with acid!
You die...

....# #.# ##### #.# #
####.# # #....# #
#.#### # #.# #.#
#####.################
...............J@....#
######.#############.#
#.# #.# # #.# #.####.#
#.. >. #.#....# #.# #.
#.#.# ..# #. #.#.# #.#
#. #.#.## #.# #.
#..#.##


You could see a jelly.

Vanquished Creatures
  A black bear (D:4)
  An iguana (D:3)
  A gnoll (D:3)
  8 adders
  A dart slug (D:1)
  9 ball pythons
  6 endoplasms
  8 goblins
  8 hobgoblins
  4 jackals (D:1)
  4 quokkas
  5 bats
  4 frilled lizards
  6 kobolds
  4 rats
70 creatures vanquished.

Notes
Turn   | Place    | Note
-------+----------+-------------------------------------------
     0 | D:1      | NinjaNoafa the Gnoll Warper began the quest for the Orb.
     0 | D:1      | Reached XP level 1. HP: 20/20 MP: 6/6
    66 | D:1      | Reached XP level 2. HP: 24/26 MP: 7/7
   133 | D:1      | Learned a level 2 spell: Blink
   136 | D:1      | Learned a level 2 spell: Lesser Beckoning
   216 | D:1      | Reached skill level 5 in Spellcasting
   216 | D:1      | Reached XP level 3. HP: 22/31 MP: 5/9
   342 | D:1      | Reached skill level 1 in Invocations
   485 | D:2      | Reached skill level 1 in Short Blades
   485 | D:2      | Reached skill level 1 in Axes
   485 | D:2      | Reached skill level 1 in Maces & Flails
   485 | D:2      | Reached skill level 1 in Polearms
   485 | D:2      | Reached skill level 1 in Staves
   485 | D:2      | Reached skill level 1 in Ranged Weapons
   485 | D:2      | Reached skill level 1 in Stealth
   485 | D:2      | Reached skill level 1 in Shields
   485 | D:2      | Reached skill level 1 in Unarmed Combat
   485 | D:2      | Reached skill level 1 in Evocations
   511 | D:2      | Learned a level 3 spell: Teleport Other
   675 | D:2      | Reached XP level 4. HP: 18/38 MP: 7/11
   929 | D:3      | Reached skill level 1 in Conjurations
   929 | D:3      | Reached skill level 1 in Hexes
   929 | D:3      | Reached skill level 1 in Summonings
   929 | D:3      | Reached skill level 1 in Necromancy
   929 | D:3      | Reached skill level 1 in Transmutations
   929 | D:3      | Reached skill level 1 in Fire Magic
   929 | D:3      | Reached skill level 1 in Ice Magic
   929 | D:3      | Reached skill level 1 in Air Magic
   929 | D:3      | Reached skill level 1 in Earth Magic
   929 | D:3      | Reached skill level 1 in Poison Magic
   994 | D:3      | Reached XP level 5. HP: 35/43 MP: 12/12
  1007 | D:3      | Learned a level 3 spell: Vhi's Electric Charge
  1026 | D:3      | Found a sparkling altar of Nemelex Xobeh.
  1185 | D:3      | Found a hide-covered altar of Uskayaw.
  1185 | D:3      | Found a shimmering altar of Xom.
  1186 | D:3      | Found a snail-covered altar of Cheibriados.
  1198 | D:3      | Became a worshipper of Cheibriados the Contemplative
  1412 | D:3      | Found a broken altar of Ashenzari.
  1645 | D:4      | Noticed a black bear
  1651 | D:4      | Killed a black bear
  1652 | D:4      | Reached XP level 6. HP: 46/50 MP: 10/14
  1789 | D:4      | Reached skill level 5 in Fighting
  1789 | D:4      | Reached skill level 5 in Long Blades
  1789 | D:4      | Reached skill level 5 in Dodging
  1848 | D:4      | HP: 1/51 [acid (9)]
  1851 | D:4      | Splashed by a jelly's acid

Illustrated notes

Levels and vault maps discovered:
D:1:      erik_arrival_blinker_ship, layout_rooms
D:2:      minmay_angry_zag, layout_rooms
D:3:      layout_loops_ring, mainiacjoe_overflow_brackets,
          gammafunk_temple_overflow_claw, nemelex_xobeh_ov_fountains_minmay,
          nicolae_concentric_dashed_squares_mild
D:4:      layout_loops_ring, mainiacjoe_overflow_surrounded_room

Skill      XL: |  1  2  3  4  5  6 |
---------------+-------------------+-----
Spellcasting   | 5 |  5.3
Invocations    | 1 2 |  2.1
Short Blades   | 1 2 |  2.0
Axes           | 1 2 |  2.0
Maces & Flails | 1 2 |  2.0
Polearms       | 1 2 |  2.0
Staves         | 1 2 |  2.0
Ranged Weapons | 1 2 |  2.0
Stealth        | 1 2 |  2.0
Shields        | 1 2 |  2.0
Unarmed Combat | 1 2 |  2.0
Evocations     | 1 2 |  2.0
Conjurations   | 1 |  1.5
Hexes          | 1 |  1.5
Summonings     | 1 |  1.5
Necromancy     | 1 |  1.5
Transmutations | 1 |  1.5
Fire Magic     | 1 |  1.5
Ice Magic      | 1 |  1.5
Air Magic      | 1 |  1.5
Earth Magic    | 1 |  1.5
Poison Magic   | 1 |  1.5
Throwing       | 3 |  3.2
Armour         | 3 |  3.2
Fighting       | 5 |  5.0
Long Blades    | 5 |  5.0
Dodging        | 5 |  5.0
Translocations | |  5.6

Action                     |  1- 3 |  4- 6 || total
---------------------------+-------+-------++-------
  Melee: Falchion          |    94 |       ||    94
         Bite              |     7 |     6 ||    13
         Punch             |     2 |     2 ||     4
         Long sword        |    23 |       ||    23
         Whip              |       |    92 ||    92
   Cast: Lesser Beckoning  |    13 |       ||    13
         Vhi's Electric Ch |       |    14 ||    14
         Blink             |       |     3 ||     3
    Use: Potion            |       |     1 ||     1
   Stab: Sleeping          |       |     3 ||     3
 Armour: Leather armour    |    38 |    21 ||    59
  Dodge: Dodged            |   113 |    66 ||   179

Table legend: (Time is in decaauts)
 A = Elapsed time spent in this place.
 B = Non-inter-level travel time spent in this place.
 C = Inter-level travel time spent in this place.
 D = Time resting spent in this place.
 E = Time spent auto-exploring this place.
 F = Levels seen in this place.
 G = Mean time per level.
                   A        B        C        D        E       F      G
               +--------+--------+--------+--------+--------+-----+--------+
         Total |   2026 |   1735 |    291 |      0 |    245 |   4 |  506.5 |
       Dungeon |   2026 |   1735 |    291 |      0 |    245 |   4 |  506.5 |
               +--------+--------+--------+--------+--------+-----+--------+

Top non-repeatable levels by time:
     D:3: 893 daAuts
     D:2: 460 daAuts
     D:1: 442 daAuts
     D:4: 230 daAuts
